AoeStats
← ScrewyTrash

Arabia

506391963Analyzed
1v1 RM · 20d ago on Sep 13, 2026· 47m 49s· 2 players
Game mode
Random Map
Map size
Tiny (2 player)
Population
200
Speed
Normal
Resources
Standard
Victory
Conquest
Starting age
Dark Age
Ending age
Imperial Age
RankedLock teamsTeams togetherTeam positionsShared explorationLock speedFull tech treeHidden civsTurbo modeCheats
Victory
Defeat
🇬🇧 Bulgarians · United Kingdom
659
+15
🇫🇷 Italians · France
638
-15
Dogibou
10:15 Feudal Age
15:24 Man-at-Arms
18:25 Forging
19:16 Scale Mail Armor
19:18 Arson
28:35 Horse Collar
28:43 Double-Bit Axe
29:52 Fletching
30:03 Padded Archer Armor
32:46 Castle Age
43:24 Long Swordsman
ScrewyTrash
8:56 Loom
11:38 Feudal Age
13:25 Double-Bit Axe
13:22 Horse Collar
16:47 Gold Mining
16:56 Arson
17:47 Forging
17:37 Scale Mail Armor
27:25 Castle Age
25:31 Stone Mining
26:29 Town Watch
28:21 Chain Mail Armor
29:50 Iron Casting
29:57 Squires
29:43 Gambesons
36:22 Heavy Plow
36:34 Bow Saw
38:59 Wheelbarrow
43:00 Imperial Age
45:29 Blast Furnace
45:00 Plate Mail Armor
47:46 Bagains
Connection lost

Rejoining the realm…

Still unreachable

The connection could not be restored.

Session expired

The server has moved on; the page needs a fresh start.